 Dungeon Crawl Stone Soup version 0.29-a0-495-g17b79114eb (webtiles) character file.

Game seed: 17370021614041975093

16804 xian the Protected (level 12, -12/108 HPs)
             Began as a Minotaur Fighter on May 28, 2022.
             Was an Initiate of Gozag.
             Mangled by an orc knight
             ... wielding a +0 broad axe
              (26 damage)
             ... on level 2 of the Orcish Mines.
             The game lasted 00:46:27 (13713 turns).

xian the Protected (Minotaur Fighter)              Turns: 13713, Time: 00:46:27

Health: -12/108    AC: 22    Str: 26    XL:     12   Next: 13%
Magic:  11/11      EV: 25    Int:  5    God:    Gozag
Gold:   2398       SH:  0    Dex: 10    Spells: 11/11 levels left

rFire   + . .      SeeInvis .   D - +3 short sword of the Ageing Spider {venom, rN+}
rCold   . . .      Faith    .   J - orb {light}
rNeg    + . .      Spirit   .   v - +2 chain mail {rF+}
rPois   .          Reflect  .   (helmet restricted)
rElec   .          Harm     .   I - +2 cloak {Stlth+}
rCorr   .          Rampage  .   M - +1 pair of gloves
Will    .....                   t - +0 pair of boots
Stlth   ..........              u - amulet of the acrobat
HPRegen 0.28/turn               w - +4 ring of slaying
MPRegen 0.12/turn               (no ring)

@: gold aura, acrobatic, glowing
A: horns 2, retaliatory headbutt
a: Renounce Religion, Potion Petition, Call Merchant, Bribe Branch


You were on level 2 of the Orcish Mines.
You worshipped Gozag.
Gozag was most pleased with you.
You visited 3 branches of the dungeon, and saw 13 of its levels.

You collected 2812 gold pieces.
You spent 270 gold pieces at shops.
You paid 144 gold pieces to Gozag.

Inventory:

Hand Weapons
 D - the +3 short sword of the Ageing Spider (weapon) {venom, rN+}
   (You found it on level 6 of the Dungeon)

   It poisons the flesh of those it strikes.
   rN:        It protects you from negative energy.
 P - a +0 whip
 Q - the +5 short sword "Jaulivvo" {vorpal, rPois rC- Will+}
   (You took it off an orc wizard on level 10 of the Dungeon)

   It inflicts extra damage upon your enemies.
   rC:        It makes you vulnerable to cold.
   rPois:     It protects you from poison.
   Will:      It increases your willpower.
Missiles
 z - 2 datura-tipped darts
 G - 18 poisoned darts (quivered)
Armour
 c - a +0 buckler
 t - a +0 pair of boots (worn)
 v - a +2 chain mail of fire resistance (worn)
 y - the +0 robe of Vampiric Thralls {+Inv}
   (You found it on level 5 of the Dungeon)

   +Inv:      It lets you turn invisible.
 I - a +2 cloak of stealth (worn)
 J - an orb of light (worn)
 M - a +1 pair of gloves (worn)
 O - a scarf of harm
Jewellery
 u - an amulet of the acrobat (around neck)
 w - a +4 ring of slaying (left hand)
 L - a ring of fire
Wands
 j - a wand of flame (17)
 x - a wand of iceblast (26)
 F - a wand of polymorph (3)
 N - a wand of acid (11)
Scrolls
 a - a scroll of enchant armour
 b - 2 scrolls of teleportation
 e - a scroll of blinking {unknown}
 g - 2 scrolls of fear
 i - 3 scrolls of enchant weapon {unknown}
 k - 6 scrolls of amnesia
 l - a scroll of silence
 n - 4 scrolls of immolation
 p - 2 scrolls of magic mapping {unknown}
 C - a scroll of fog
 H - a scroll of poison
 K - a scroll of summoning
Potions
 d - a potion of might
 h - 2 potions of lignification
 m - a potion of flight {unknown}
 o - 4 potions of curing
 q - 2 potions of haste {unknown}
 r - a potion of magic {unknown}
 s - a potion of berserk rage {unknown}
 A - 2 potions of attraction {unknown}
 B - 3 potions of resistance {unknown}
 E - 2 potions of degeneration {unknown}


   Skills:
 + Level 10.6 Fighting
 + Level 12.1(12.5) Short Blades
 + Level 5.9(10.3) Long Blades
 + Level 4.2 Maces & Flails
 + Level 1.7 Throwing
 + Level 13.2 Armour
 + Level 4.9 Dodging
 + Level 2.0 Stealth
 + Level 7.4 Shields
 + Level 0.2 Evocations


You had 11 spell levels left.
You didn't know any spells.
Your spell library contained the following spells:

 Spells                   Type           Power      Damage    Failure   Level
 Freeze                   Ice            0%         1d3       91%         1
 Magic Dart               Conj           0%         1d3       91%         1
 Call Imp                 Summ           0%         N/A       97%         2
 Frozen Ramparts          Ice            0%         1d2       100%        3
 Gell's Gravitas          Tloc           0%         N/A       100%        3
 Ignite Poison            Fire/Tmut/Pois 0%         N/A       100%        3
 Lesser Beckoning         Tloc           0%         N/A       100%        3
 Mephitic Cloud           Conj/Pois/Air  0%         N/A       100%        3
 Teleport Other           Tloc           0%         N/A       100%        3
 Hailstorm                Conj/Ice       0%         3d3       100%        4
 Freezing Cloud           Conj/Ice/Air   0%         6-21      100%        5


Dungeon Overview and Level Annotations

Branches:
Dungeon (10/15)            Temple (1/1) D:7            Lair (0/6) D:10
    Orc (2/2) D:10            Elf (0/3) Orc:2

Altars:
Gozag
Hepliaklqana
Uskayaw
Beogh

Shops:
D:8 [   D:9 ?   Orc:2 (

Annotations:
D:8 Armor


Innate Abilities, Weirdness & Mutations

You have a pair of horns on your head.
You reflexively headbutt those who attack you in melee.


Message History

You hear a shout! x4
The ynoxinul disappears in a puff of smoke!
The ufetubus disappears in a puff of smoke! x3
The orc knight roars a battlecry!
Things that are here:
a +0 scale mail; a +0 whip You are no longer corroded.
The orc knight roars a battlecry!
There is a stone staircase leading up here.
The chaos spawn degenerates into a cloud of primal chaos!
You climb upwards.
The sentinel's mark upon you fades away.
The orc barely misses you. You furiously retaliate!
You headbutt the orc.
An orc wizard comes into view. It is wielding a +0 dagger.
The ogre hits you with a +0 giant club!!
* * * LOW HITPOINT WARNING * * *
The orc hits you with a +0 hand axe.
* * * LOW HITPOINT WARNING * * *
An ogre comes into view. It is wielding a +0 giant club.
The orc hits you but does no damage. The orc barely misses you.
There is a stone staircase leading down, spattered with blood here.
The orc wizard shouts!
The ogre misses you. The orc barely misses you. The orc closely misses you.
The orc wizard casts a spell.
The orc wizard flickers and vanishes for a moment.
You climb downwards.
The ice devil disappears in a puff of smoke!
The orc knight roars a battlecry!
The orcs go into a battle-frenzy!
There is a stone staircase leading up here.
The orc misses you. You furiously retaliate!
You headbutt the orc!
You kill the orc!
The ogre attacks as you move away! The ogre closely misses you.
The orc knight cheers loudly.
The orc knight roars a battlecry!
The orc knight goes into a battle-frenzy!
The orc knight attacks as you move away!
The orc knight hits you with a +0 broad axe!!
You die...
Your body crumbles into a pile of gold.

###..#..................##
..#####.#.#.......##.....#
..# ##................##
..# ###................#
### ##...........#.#....##
#......#........#..<.#
##..............[[...#
#.............[[)[..#
####..#......@.).#)[[##
####............o...[[..##
#.#.>.........)oO#..[[...#
................o..#.....#
#.##.........o..<$......##
#####...................##
#.##..............#......#
...#.[.........#.###.....#
......##.#...#......#...##


You could see 2 orc knights, an orc high priest (strong), an ogre and an orc
(strong).

Vanquished Creatures
  A two-headed ogre (D:9)
  An orc high priest (Orc:2)
  Sonja (Orc:2)
  The ghost of ew1980 the Grappler, a novice TrGl of Makhleb (D:6)
  Pikel (D:6)
  A deep elf zephyrmancer (D:9)
  2 orc sorcerers
  3 orc knights (Orc:2)
  Maurice (D:9)
  Psyche (D:8)
  2 trolls
  A hornet (D:9)
  A wraith (D:6)
  2 shadows (D:9)
  A wyvern (D:9)
  5 yaks
  2 steam dragons (D:9)
  2 wargs
  Edmund (D:4)
  An acid dragon (D:9)
  Duvessa (D:4)
  4 water moccasins (D:10)
  28 orc warriors
  An ice beast (D:8)
  A sky beast (D:8)
  4 black bears
  5 ogres
  6 centaurs
  A phantom (D:7)
  3 kobold brigands
  5 bullfrogs
  2 scorpions
  4 wights (D:10)
  Dowan (D:4)
  A vampire bat (D:10)
  22 killer bees (D:9)
  2 howler monkeys
  3 hounds
  32 orc priests
  A gnoll shaman (D:9)
  Terence (D:2)
  2 iguanas
  17 orc wizards
  Robin (D:3)
  A gnoll (D:1)
  6 adders
  A white imp (D:8)
  2 ufetubi (D:6)
  2 worms
  A dart slug (D:2)
  89 orcs
  2 endoplasms
  2 giant cockroaches
  11 goblins
  7 hobgoblins
  2 quokkas
  4 ball pythons
  12 bats
  3 frilled lizards
  22 kobolds
  9 rats
355 creatures vanquished.

Vanquished Creatures (others)
  59 fungi (D:10)
  32 plants (D:10)
91 creatures vanquished.

Grand Total: 446 creatures vanquished

Notes
Turn   | Place    | Note
-------+----------+-------------------------------------------
     0 | D:1      | xian the Minotaur Fighter began the quest for the Orb.
     0 | D:1      | Reached XP level 1. HP: 19/19 MP: 0/0
    33 | D:1      | Reached XP level 2. HP: 27/27 MP: 1/1
   122 | D:1      | Reached skill level 4 in Armour
   878 | D:2      | Noticed Terence
   881 | D:2      | Reached XP level 3. HP: 29/33 MP: 2/2
   893 | D:2      | Killed Terence
  1262 | D:2      | Reached XP level 4. HP: 41/41 MP: 3/3
  1823 | D:3      | Noticed Robin
  1850 | D:3      | Killed Robin
  1851 | D:3      | Reached XP level 5. HP: 36/47 MP: 4/4
  2059 | D:3      | Found a faded altar of an unknown god.
  2454 | D:4      | Noticed a +0 spear
  2455 | D:4      | Noticed a +0 falchion
  2456 | D:4      | Noticed a +0 dagger
  2457 | D:4      | Noticed a +0 dagger
  2457 | D:4      | Noticed a +0 short sword
  2457 | D:4      | Noticed a +0 spear
  2457 | D:4      | Noticed a +0 short sword
  2457 | D:4      | Noticed a +0 falchion
  2459 | D:4      | Found a hide-covered altar of Uskayaw.
  2661 | D:4      | Noticed Edmund
  2675 | D:4      | Reached skill level 5 in Armour
  2688 | D:4      | Killed Edmund
  2689 | D:4      | Reached skill level 5 in Long Blades
  2689 | D:4      | Reached XP level 6. HP: 15/55 MP: 5/5
  2985 | D:4      | Reached skill level 5 in Fighting
  2995 | D:4      | Noticed Dowan
  2996 | D:4      | Noticed Duvessa
  3322 | D:4      | Killed Duvessa
  3323 | D:4      | Reached skill level 1 in Maces & Flails
  3323 | D:4      | Reached skill level 6 in Armour
  3323 | D:4      | Reached skill level 5 in Shields
  3323 | D:4      | Reached XP level 7. HP: 61/61 MP: 6/6
  3332 | D:4      | Killed Dowan
  3632 | D:5      | Entered Level 5 of the Dungeon
  3910 | D:5      | Reached skill level 7 in Armour
  4262 | D:5      | Identified the +0 robe of Vampiric Thralls {+Inv}
  4420 | D:5      | Reached skill level 1 in Short Blades
  4420 | D:5      | Reached skill level 1 in Dodging
  4420 | D:5      | Reached XP level 8. HP: 61/70 MP: 7/7
  4880 | D:6      | Identified the +3 short sword of the Ageing Spider {venom,
                  | rN+}
  4894 | D:6      | Noticed Pikel
  4910 | D:6      | Killed Pikel
  4911 | D:6      | Reached skill level 8 in Armour
  5189 | D:6      | Found a runed translucent door.
  5192 | D:6      | Noticed ew1980's ghost (novice TrGl)
  5218 | D:6      | Killed ew1980's ghost
  5219 | D:6      | Reached skill level 9 in Armour
  5219 | D:6      | Reached XP level 9. HP: 9/78 MP: 8/8
  5225 | D:6      | Reached skill level 5 in Short Blades
  5639 | D:7      | Found a staircase to the Ecumenical Temple.
  5654 | Temple   | Entered the Ecumenical Temple
  5674 | Temple   | Became a worshipper of Gozag Ym Sagoz the Greedy
  5873 | D:7      | Found a runed translucent door.
  7150 | D:8      | Reached skill level 10 in Armour
  7384 | D:8      | Noticed Psyche
  7401 | D:8      | Killed Psyche
  7402 | D:8      | Reached XP level 10. HP: 86/86 MP: 9/9
  7592 | D:8      | Found Burodoeph's Antique Armour Emporium.
  7604 | D:8      | Bought an embroidered cloak for 240 gold pieces
  8230 | D:9      | Found Qumy's Magic Scroll Emporium.
  8238 | D:9      | Bought a scroll of fog for 30 gold pieces
  8276 | D:9      | Paralysed by a hornet for 2 turns
  8284 | D:9      | Paralysed by a hornet for 1 turns
  8289 | D:9      | Reached skill level 11 in Armour
  8494 | D:9      | Noticed Maurice
  8510 | D:9      | Killed Maurice
  8596 | D:9      | Noticed a two-headed ogre
  8607 | D:9      | Killed a two-headed ogre
  8608 | D:9      | Reached skill level 1 in Stealth
  8765 | D:9      | Reached skill level 1 in Throwing
  9191 | D:9      | Noticed a deep elf zephyrmancer
  9195 | D:9      | Killed a deep elf zephyrmancer
  9196 | D:9      | Reached XP level 11. HP: 95/95 MP: 10/10
 10019 | D:10     | Entered Level 10 of the Dungeon
 10068 | D:10     | Reached skill level 12 in Armour
 10188 | D:10     | Found a staircase to the Orcish Mines.
 10401 | D:10     | Reached skill level 10 in Short Blades
 10430 | D:10     | Identified the +5 short sword "Jaulivvo" {vorpal, rPois rC-
                  | Will+}
 10469 | D:10     | Found a staircase to the Lair.
 10587 | Orc:1    | Entered Level 1 of the Orcish Mines
 10588 | Orc:1    | Noticed an orc sorcerer
 10607 | D:10     | Killed an orc sorcerer
 11025 | Orc:2    | Entered Level 2 of the Orcish Mines
 11530 | Orc:2    | Found a staircase to the Elven Halls.
 11619 | Orc:2    | Noticed an orc sorcerer
 11625 | Orc:2    | Paralysed by an orc sorcerer for 2 turns
 11626 | Orc:2    | Killed an orc sorcerer
 11642 | Orc:2    | Reached skill level 10 in Fighting
 11782 | Orc:2    | Found Zusagg Liwn's Weapon Shop.
 11968 | Orc:2    | Noticed an orc knight
 11977 | Orc:2    | HP: 3/99 [orc warrior/+0 dire flail (21)]
 12341 | Orc:2    | Noticed Sonja
 12352 | Orc:2    | Killed Sonja
 12416 | Orc:2    | Noticed an orc knight
 12436 | Orc:2    | Killed an orc knight
 12560 | Orc:2    | Noticed an orc knight
 12577 | Orc:2    | Killed an orc knight
 12610 | Orc:2    | Noticed an orc high priest
 12634 | Orc:2    | Killed an orc high priest
 12635 | Orc:2    | Reached XP level 12. HP: 30/107 MP: 11/11
 12753 | Orc:2    | HP: 3/107 [orc knight/+0 dire flail (11)]
 13193 | Orc:2    | Reached skill level 13 in Armour
 13607 | Orc:2    | Noticed an orc high priest
 13713 | Orc:2    | Mangled by an orc knight

Illustrated notes

Levels and vault maps discovered:
D:1:      dpeg_arrival_line_fractal, layout_loops_corners
D:2:      layout_rooms, dk_noncrumbling_2, uniq_terence
D:3:      layout_loops_ring, ebering_ecumenical_altar_rust, uniq_robin
D:4:      layout_cave_pods, nicolae_uskayaw_en_pointe, uniq_duvessa, uniq_edmund
D:5:      layout_cave_pools
D:6:      layout_cave_pools, ebering_ghost_inner_flame, uniq_pikel
D:7:      layout_gridville, minmay_temple_entry_stoned_glass,
          lightli_church_of_beogh
D:8:      layout_loops_ring, serial_shops, shop, uniq_psyche
D:9:      minmay_s_stair_smasher, layout_basic, serial_shops, shop,
          guppyfry_early_elven_hall, uniq_maurice
D:10:     layout_stronghold, due_lair_maze_entry_diamond, hiddenorc2_lemuel,
          dreamdust_deal_with_the_devil, roderic_batcave
Temple:   mainiacjoe_temple_archimedes_tessellation
Orc:1:    layout_caves
Orc:2:    st_orc_pillars, layout_caves, serial_shops,
          nicolae_shop_bloodbath_and_beyond, minmay_orc_temple_a, uniq_sonja

Skill      XL: |  1  2  3  4  5  6  7  8  9 10 11 12 |
---------------+-------------------------------------+-----
Armour         | 4 5 6 7 9 10 11 12 13 | 13.2
Fighting       | 4 5 6 7 8 10 | 10.6
Shields        | 4 5 6 7 |  7.4
Long Blades    | 3 5 |  5.9
Maces & Flails | 1 3 4 |  4.2
Short Blades   | 1 4 6 9 11 12 | 12.1
Dodging        | 1 2 3 4 |  4.9
Stealth        | 1 2 |  2.0
Throwing       | 1 |  1.7
Evocations     | |  0.2

Action                   |  1- 3 |  4- 6 |  7- 9 | 10-12 || total
-------------------------+-------+-------+-------+-------++-------
Melee: Long sword        |    57 |   101 |       |       ||   158
       Headbutt          |     5 |    22 |    48 |   157 ||   232
       Flail             |       |    16 |    32 |       ||    48
       Dagger            |       |       |    58 |       ||    58
       Short sword       |       |       |   174 |   542 ||   716
Throw: Dart              |       |       |     3 |    21 ||    24
Evoke: Wand              |       |     2 |       |       ||     2
  Use: Potion            |     1 |     3 |     3 |     5 ||    12
       Scroll            |       |       |     8 |     8 ||    16
 Stab: Distracted        |       |       |       |     2 ||     2
Armor: Scale mail        |     7 |       |       |       ||     7
       Plate armour      |    29 |    77 |       |       ||   106
       Chain mail        |       |     9 |   124 |   210 ||   343
Dodge: Dodged            |    21 |    43 |    82 |   387 ||   533
Block: Buckler           |    14 |    32 |    53 |     2 ||   101

Table legend: (Time is in decaauts)
 A = Elapsed time spent in this place.
 B = Non-inter-level travel time spent in this place.
 C = Inter-level travel time spent in this place.
 D = Time resting spent in this place.
 E = Time spent auto-exploring this place.
 F = Levels seen in this place.
 G = Mean time per level.
                   A        B        C        D        E       F      G
               +--------+--------+--------+--------+--------+-----+--------+
         Total |  13517 |  13268 |    249 |   2036 |   7347 |  13 | 1039.8 |
       Dungeon |  10710 |  10473 |    237 |   1209 |   6325 |  10 | 1071.0 |
        Temple |     32 |     20 |     12 |      0 |      8 |   1 |   32.0 |
  Orcish Mines |   2774 |   2774 |      0 |    827 |   1014 |   2 | 1387.0 |
               +--------+--------+--------+--------+--------+-----+--------+

Top non-repeatable levels by time:
   Orc:2: 2537 daAuts
     D:9: 1971 daAuts
     D:7: 1434 daAuts
     D:4: 1186 daAuts
     D:6: 1045 daAuts
     D:5: 952 daAuts
     D:8: 880 daAuts
     D:1: 873 daAuts
     D:3: 822 daAuts
     D:2: 806 daAuts
    D:10: 737 daAuts
   Orc:1: 236 daAuts
  Temple: 32 daAuts
